[Event "December 19 Early 2023"]
[Site "https://www.chess.com"]
[Date "2023.12.19"]
[Round "2"]
[White "Makhmudov, Shukhrat"]
[Black "Durucay, Uygar"]
[Result "0-1"]
[Board "170"]
[TimeControl "180+1"]
[WhiteFideId "14200775"]
[BlackFideId "44591560"]
[WhiteElo "2135"]
[BlackElo "1913"]
[WhiteTeam "UZB"]
[BlackTeam "TUR"]
[WhiteClock "0:00:03"]
[BlackClock "0:00:10"]

1. e4 c6 2. Nc3 d5 3. exd5 cxd5 4. d4 Nf6 5. Bf4 a6 6. Bd3 Nc6 7. Nge2 Bg4 8. f3 Bh5 9. a3 e6 10. O-O Bd6 11. Qd2 O-O 12. Rad1 Rc8 13. Bxd6 Qxd6 14. Na4 b5 15. Nc5 Nxd4 16. Nxd4 Qxc5 17. Kh1 Bg6 18. Bxg6 hxg6 19. c3 Qc4 20. Rfe1 Rfe8 21. h3 e5 22. Nc2 Rcd8 23. Nb4 a5 24. Nd3 e4 25. Nf4 exf3 26. gxf3 g5 27. Ne2 Qh4 28. Kg2 Nh5 29. Ng1 Qg3+ 30. Kh1 Nf4 31. Rxe8+ Rxe8 32. Qh2 Qh4 33. Rf1 Re6 34. Qf2 Qh5 35. Kh2 Rh6 36. Qg3 Qg6 37. Re1 Qc2+ 38. Kh1 Qf5 39. Qg4 Qxg4 40. fxg4 Nxh3 41. Nxh3 Rxh3+ 42. Kg2 Rd3 43. Re2 f6 44. Kf2 Kf7 45. Ke1 d4 46. cxd4 Rxd4 47. Rg2 Ke6 48. Re2+ Kd6 49. Rg2 Kd5 50. Ke2 Ke4 51. Ke1 Kf3 52. Rc2 Kxg4 53. Rc5 f5 54. Rxb5 a4 55. Rc5 f4 56. Ke2 Re4+ 57. Kf2 Kh4 58. Rc8 g4 59. Rc5 Rd4 60. Ke2 Kg3 61. Rc3+ f3+ 62. Ke3 Rd8 63. Rc4 Re8+ 64. Kd2 f2 0-1

[Event "December 19 Early 2023"]
[Site "https://www.chess.com"]
[Date "2023.12.19"]
[Round "2"]
[White "Reprintsev, Alexander"]
[Black "Kraus, Tomas"]
[Result "0-1"]
[Board "171"]
[TimeControl "180+1"]
[WhiteFideId "14100541"]
[BlackFideId "331708"]
[WhiteElo "2229"]
[BlackElo "2371"]
[WhiteTeam "UKR"]
[BlackTeam "CZE"]
[WhiteClock "0:00:00"]
[BlackClock "0:00:06"]

1. e4 c5 2. b3 e6 3. Nf3 Qc7 4. Bb2 Nc6 5. d4 cxd4 6. Nxd4 Nf6 7. Nxc6 bxc6 8. e5 Ne4 9. Bd3 Nc5 10. Be2 Be7 11. O-O O-O 12. Nd2 a5 13. Nc4 a4 14. b4 Nb7 15. a3 c5 16. c3 d5 17. exd6 Nxd6 18. Rc1 Nxc4 19. Bxc4 Bf6 20. Qe2 Bb7 21. f3 Rad8 22. Rfd1 Rxd1+ 23. Rxd1 Rd8 24. Rxd8+ Qxd8 25. bxc5 Qc7 26. Qe3 Be7 27. Kf1 Bxc5 28. Qe2 Qd6 29. Bb5 Qxh2 30. Ke1 Qd6 31. Bxa4 Bxa3 32. Bxa3 Qxa3 33. Qc4 Bd5 34. Qc8+ Qf8 35. Qxf8+ Kxf8 36. Bb5 Ke7 37. c4 Bb7 38. c5 Kd8 39. Kd2 Kc7 40. Ke3 Bc6 41. Bd3 Bd5 42. Bxh7 Kc6 43. Kd4 f6 44. f4 Bxg2 45. Bg8 Bd5 46. Bh7 g5 47. fxg5 e5+ 48. Ke3 fxg5 49. Kf2 Kxc5 50. Kg3 Be6 51. Kf3 Kd4 52. Bb1 g4+ 53. Kg3 Ke3 54. Bg6 e4 55. Bh5 Bf5 56. Kh4 Kf4 57. Bxg4 e3 58. Be2 Be4 59. Kh3 Bf3 60. Bf1 Ke4 61. Kg3 Bh5 62. Bb5 Bg6 63. Kg2 Kd4 64. Be2 Be4+ 65. Kg1 Kc3 66. Bg4 Kd2 67. Bh5 Bd3 68. Bg4 Be2 69. Be6 Bf3 70. Bc4 Be4 71. Kf1 Bd3+ 0-1

[Event "December 19 Early 2023"]
[Site "https://www.chess.com"]
[Date "2023.12.19"]
[Round "2"]
[White "Filippova, Margarita"]
[Black "Rangel, Daniel"]
[Result "0-1"]
[Board "172"]
[TimeControl "180+1"]
[WhiteFideId "34199680"]
[BlackFideId "2124475"]
[WhiteElo "1916"]
[BlackElo "2267"]
[WhiteTeam "RUS"]
[BlackTeam "BRA"]
[WhiteClock "0:01:20"]
[BlackClock "0:01:27"]

1. e4 c5 2. Nf3 g6 3. c3 Bg7 4. d4 cxd4 5. cxd4 d5 6. e5 Bg4 7. h3 Bxf3 8. Qxf3 e6 9. Nc3 Ne7 10. Bb5+ Nbc6 11. O-O O-O 12. Rd1 a6 13. Bxc6 Nxc6 14. Na4 b5 15. Nc5 Qe7 16. Be3 Rfc8 17. Rac1 Bf8 18. Qe2 Qa7 19. f4 b4 20. Qf2 a5 21. b3 Ne7 22. Rc2 Nf5 23. Rdc1 Nxe3 24. Qxe3 Rc6 25. Kf2 Rac8 26. g4 a4 27. Ke2 axb3 28. axb3 Bxc5 29. Rxc5 Rxc5 30. Rxc5 Rxc5 31. dxc5 Qa2+ 32. Kf1 Qb1+ 33. Kg2 Qb2+ 34. Kg3 Qc3 35. Kf3 d4 36. Qxc3 dxc3 37. Ke3 Kf8 38. f5 g5 39. f6 Ke8 40. Kd3 Kd7 41. Ke3 Kc6 0-1

[Event "December 19 Early 2023"]
[Site "https://www.chess.com"]
[Date "2023.12.19"]
[Round "2"]
[White "Ernst, Luca"]
[Black "Avila Rodriguez, Joshua Ad"]
[Result "0-1"]
[Board "173"]
[TimeControl "180+1"]
[WhiteFideId "45117055"]
[BlackFideId "5126444"]
[WhiteElo "1973"]
[BlackElo "2097"]
[WhiteTeam "FRA"]
[BlackTeam "MEX"]
[WhiteClock "0:00:00"]
[BlackClock "0:00:05"]

1. c4 Nf6 2. Nc3 e5 3. Nf3 Nc6 4. e4 Bb4 5. d3 d6 6. a3 Bc5 7. b4 Bb6 8. Be3 Bg4 9. Be2 Bxf3 10. Bxf3 Bd4 11. Rc1 h6 12. Ne2 O-O 13. b5 Bxe3 14. fxe3 Ne7 15. O-O c6 16. a4 Qc7 17. g3 Rad8 18. Bg2 Ng6 19. Qe1 Rfe8 20. a5 Ng4 21. Qd2 Qe7 22. h3 Nf6 23. Qa2 a6 24. bxa6 bxa6 25. Rb1 Nd7 26. Rb7 Qg5 27. Qd2 Ngf8 28. h4 Qg6 29. Bh3 Ne6 30. Kh2 Nec5 31. Bf5 Qh5 32. Rbb1 f6 33. Ng1 Rb8 34. Nh3 Qf7 35. Nf2 Qe7 36. Bg6 Rec8 37. Bf5 Rc7 38. Rfc1 Rcb7 39. Qc2 Qd8 40. Rxb7 Rxb7 41. Qc3 Rb3 42. Qd2 Qb8 43. Bg4 Rb2 44. Rc2 Rxc2 45. Qxc2 Qb4 46. d4 exd4 47. exd4 Nb3 48. Bxd7 Nxd4 49. Qd3 c5 50. Bg4 Qxa5 51. Kh3 Qa2 52. Qe3 a5 53. Nd3 a4 54. Nf4 a3 55. Ne6 Qb3 56. Qxb3 Nxb3 57. Nc7 a2 0-1

[Event "December 19 Early 2023"]
[Site "https://www.chess.com"]
[Date "2023.12.19"]
[Round "2"]
[White "Ruge, Edison"]
[Black "Horak, Martin"]
[Result "0-1"]
[Board "174"]
[TimeControl "180+1"]
[WhiteFideId "4401000"]
[BlackFideId "367095"]
[WhiteElo "2175"]
[BlackElo "2091"]
[WhiteTeam "COL"]
[BlackTeam "CZE"]
[WhiteClock "0:00:00"]
[BlackClock "0:00:12"]

1. e4 c5 2. Nf3 Nc6 3. d3 g6 4. Nbd2 Bg7 5. g3 d6 6. Bg2 Nf6 7. O-O O-O 8. h3 Rb8 9. Re1 b5 10. e5 Nxe5 11. Nxe5 dxe5 12. Rxe5 Qc7 13. Re1 Bb7 14. Bxb7 Qxb7 15. Qf3 e6 16. Rb1 Rfd8 17. Qxb7 Rxb7 18. Ne4 Nxe4 19. dxe4 c4 20. Be3 Rbd7 21. Kf1 a6 22. Ke2 f5 23. f3 fxe4 24. fxe4 Be5 25. Rg1 Kg7 26. g4 Bd4 27. Rgd1 Bxe3 28. Rxd7+ Rxd7 29. Kxe3 Kf6 30. Rf1+ Ke5 31. Rf8 Rd4 32. Rh8 Rxe4+ 33. Kd2 Rd4+ 34. Kc3 Rd7 35. Ra8 Rd6 36. Rh8 Kf4 37. Rxh7 e5 38. Rf7+ Kg3 39. Re7 Kxh3 40. g5 Kg4 41. Rxe5 Kf4 42. Rc5 Re6 43. Kb4 Re5 44. Rc6 Rxg5 45. Rxa6 Rg2 46. Kxb5 g5 47. Kxc4 Rxc2+ 48. Kb3 Rc5 49. Rg6 g4 50. a4 Rg5 51. Rf6+ Rf5 52. Rg6 g3 0-1

[Event "December 19 Early 2023"]
[Site "https://www.chess.com"]
[Date "2023.12.19"]
[Round "2"]
[White "Parfenov, Viktor N."]
[Black "Buscar, Michael"]
[Result "0-1"]
[Board "175"]
[TimeControl "180+1"]
[WhiteFideId "4165969"]
[BlackFideId "2603616"]
[WhiteElo "2093"]
[BlackElo "2010"]
[WhiteTeam "RUS"]
[BlackTeam "CAN"]
[WhiteClock "0:01:51"]
[BlackClock "0:02:06"]

1. d4 d5 2. c4 e6 3. Nc3 c5 4. cxd5 exd5 5. Nf3 Nc6 6. dxc5 d4 7. Na4 Bxc5 8. Nxc5 Qa5+ 9. Bd2 Qxc5 10. e3 dxe3 11. Bxe3 Qb4+ 12. Qd2 Nge7 13. a3 Qxd2+ 14. Bxd2 O-O 15. Bc4 Bg4 16. O-O Bxf3 17. gxf3 Nd4 18. Kg2 Nef5 19. Be3 Nxe3+ 20. fxe3 Nc2 21. Kf2 Nxa1 22. Rxa1 Rfd8 23. Ke2 Rac8 24. Bd3 Rc6 25. Rg1 Rcd6 26. Rd1 g6 27. f4 Kg7 28. h4 h5 29. Rd2 Kf6 30. Rd1 Rxd3 31. Rxd3 Rxd3 32. Kxd3 Kf5 0-1

[Event "December 19 Early 2023"]
[Site "https://www.chess.com"]
[Date "2023.12.19"]
[Round "2"]
[White "Tarasova, Viktoriya"]
[Black "Kanyamarala, Tarun"]
[Result "1-0"]
[Board "176"]
[TimeControl "180+1"]
[WhiteFideId "4175840"]
[BlackFideId "45004714"]
[WhiteElo "2182"]
[BlackElo "2318"]
[WhiteTeam "RUS"]
[BlackTeam "IRL"]
[WhiteClock "0:01:19"]
[BlackClock "0:01:06"]

1. d4 e6 2. c4 f5 3. Nc3 Nf6 4. g3 Bb4 5. Bg2 O-O 6. Nf3 Ne4 7. Qc2 b6 8. O-O Bxc3 9. bxc3 Bb7 10. a4 Nc6 11. Nd2 Nxd2 12. Bxd2 Qc8 13. e4 Na5 14. c5 bxc5 15. dxc5 Nc4 16. Bg5 h6 17. Bc1 Bc6 18. Qd3 Na5 19. Be3 fxe4 20. Bxe4 Bxe4 21. Qxe4 Qa6 22. Rfd1 Rf7 23. Qxa8+ 1-0

[Event "December 19 Early 2023"]
[Site "https://www.chess.com"]
[Date "2023.12.19"]
[Round "2"]
[White "Nurgaliyeva, Zarina"]
[Black "Eggleston, Thomas A"]
[Result "1-0"]
[Board "177"]
[TimeControl "180+1"]
[WhiteFideId "13730096"]
[BlackFideId "412139"]
[WhiteElo "2001"]
[BlackElo "2169"]
[WhiteTeam "KAZ"]
[BlackTeam "ENG"]
[WhiteClock "0:00:14"]
[BlackClock "0:00:00"]

1. e4 e6 2. d4 d5 3. exd5 exd5 4. Bd3 Nf6 5. c3 c5 6. Nf3 Nc6 7. O-O cxd4 8. cxd4 Bg4 9. Be2 Bd6 10. h3 Bh5 11. Nc3 h6 12. Ne5 Bxe2 13. Qxe2 Nxd4 14. Qe3 Ne6 15. Re1 d4 16. Nxf7 dxe3 17. Nxd8 Rxd8 18. Bxe3 Kf7 19. Bxa7 Bc5 20. Rxe6 Bxa7 21. Re2 Rhe8 22. Rae1 Rxe2 23. Rxe2 Rd3 24. Kh2 Nd5 25. Nb5 Bb8+ 26. g3 Nc7 27. Nc3 Ne6 28. Kg2 Nd4 29. Re4 Ne6 30. Re2 h5 31. h4 g6 32. a3 Bd6 33. Nb5 Be7 34. Nc3 Bf6 35. Na4 Rb3 36. Rxe6 Kxe6 37. Nc5+ Kd5 38. Nxb3 Bxb2 39. a4 Bc3 40. f3 Kc4 41. Nc1 Kb4 42. Na2+ Kb3 43. Nxc3 Kxc3 44. g4 Kb4 45. gxh5 gxh5 46. f4 Kxa4 47. f5 b5 48. f6 b4 49. f7 b3 50. f8=Q b2 51. Qf1 Kb3 52. Qb1 Kc3 53. Kg3 Kb3 54. Kf4 Kc3 55. Kg5 Kb3 56. Kxh5 Kc3 57. Kg6 Kb3 58. h5 Kc3 59. h6 Kb3 60. h7 1-0

[Event "December 19 Early 2023"]
[Site "https://www.chess.com"]
[Date "2023.12.19"]
[Round "2"]
[White "Umarov, Sabir"]
[Black "Pesotskiy, Mikhail"]
[Result "0-1"]
[Board "178"]
[TimeControl "180+1"]
[WhiteFideId "14200538"]
[BlackFideId "34164453"]
[WhiteElo "2305"]
[BlackElo "2078"]
[WhiteTeam "UZB"]
[BlackTeam "RUS"]
[WhiteClock "0:00:00"]
[BlackClock "0:00:21"]

1. e4 e6 2. d4 d5 3. e5 c5 4. c3 Qa5 5. a3 Bd7 6. Nf3 Nh6 7. Bxh6 gxh6 8. Nbd2 Qb6 9. b4 cxd4 10. cxd4 Bb5 11. Rc1 Nc6 12. Nb3 a5 13. Nc5 axb4 14. axb4 Nxb4 15. Qb3 Bxf1 16. Kxf1 Bxc5 17. dxc5 Qa6+ 18. Kg1 Nd3 19. Rd1 Nxc5 20. Qe3 Ne4 21. h4 Rg8 22. Kh2 Qa7 23. Nd4 Qa2 24. Rhf1 Ra3 25. Qf4 Qc4 26. Rc1 Rc3 27. Rxc3 Nxc3 28. Ra1 Na4 29. Rc1 Nc3 30. Qe3 Rg4 31. Nf3 d4 32. Qxh6 Qe2 33. Qxh7 Qxf2 34. Qh8+ Kd7 35. Rg1 Ne2 36. Qf6 Ke8 37. Qh8+ Kd7 38. Qf6 Qg3+ 39. Kh1 Kc6 0-1

[Event "December 19 Early 2023"]
[Site "https://www.chess.com"]
[Date "2023.12.19"]
[Round "2"]
[White "Rushbrooke, Remy"]
[Black "Ronka, Erik"]
[Result "0-1"]
[Board "179"]
[TimeControl "180+1"]
[WhiteFideId "443590"]
[BlackFideId "505080"]
[WhiteElo "1942"]
[BlackElo "2264"]
[WhiteTeam "ENG"]
[BlackTeam "FIN"]
[WhiteClock "0:00:04"]
[BlackClock "0:00:20"]

1. Nf3 g6 2. g3 Bg7 3. Bg2 e5 4. d3 d6 5. c4 Nc6 6. Nc3 f5 7. e4 Nf6 8. O-O O-O 9. Nd5 f4 10. a3 h6 11. b4 g5 12. Rb1 g4 13. Ne1 f3 14. Bh1 Nh7 15. Nc2 Be6 16. Be3 Ng5 17. Bxg5 Qxg5 18. Nce3 Nd4 19. Re1 Rf7 20. c5 h5 21. cxd6 cxd6 22. Rc1 Raf8 23. Nc4 Bh6 24. Rb1 Bxd5 25. exd5 Rf6 26. Re4 h4 27. a4 hxg3 28. hxg3 Bg7 29. Ne3 Ne2+ 30. Kf1 Rh6 31. Bg2 Qh5 32. Ke1 Nc3 33. Rxg4 Nxd1 34. Rh4 fxg2 35. Nxg2 Qf3 0-1

[Event "December 19 Early 2023"]
[Site "https://www.chess.com"]
[Date "2023.12.19"]
[Round "2"]
[White "Olsson, Linus"]
[Black "Korol, Dimitry"]
[Result "0-1"]
[Board "180"]
[TimeControl "180+1"]
[WhiteFideId "1706098"]
[BlackFideId "14108003"]
[WhiteElo "2222"]
[BlackElo "2262"]
[WhiteTeam "SWE"]
[BlackTeam "UKR"]
[WhiteClock "0:00:17"]
[BlackClock "0:00:12"]

1. d4 Nf6 2. c4 c5 3. d5 b5 4. cxb5 a6 5. b6 d6 6. Nc3 Nbd7 7. g3 g6 8. Bg2 Bg7 9. Nf3 O-O 10. O-O a5 11. a4 Ba6 12. Qc2 Qxb6 13. Rd1 Rfb8 14. e4 Ng4 15. Ra2 Nge5 16. Bg5 Kf8 17. h3 Bc4 18. Rd2 Nxf3+ 19. Bxf3 Ne5 20. Kg2 Nxf3 21. Kxf3 Bxa2 22. Nxa2 Qb3+ 23. Nc3 Qxc2 24. Rxc2 Rb4 25. Bd2 Rab8 26. Nb5 Rxa4 27. Na7 Rxb2 28. Rxb2 Bxb2 29. Nc6 Ra3+ 30. Kg4 a4 31. Bg5 f6 32. Bd2 Ra1 33. Ba5 a3 34. Bd8 a2 35. Bxe7+ Kf7 36. Bxd6 Rd1 37. Bxc5 a1=Q 38. Be3 Qb1 39. f3 Rd3 40. Bf4 Qd1 41. Nd8+ Ke8 42. Ne6 Qxf3+ 43. Kh4 Qh5# 0-1

[Event "December 19 Early 2023"]
[Site "https://www.chess.com"]
[Date "2023.12.19"]
[Round "2"]
[White "Antonio, Jorge Carlos"]
[Black "Berezin, Viktor"]
[Result "0-1"]
[Board "181"]
[TimeControl "180+1"]
[WhiteFideId "113190"]
[BlackFideId "14107872"]
[WhiteElo "2247"]
[BlackElo "2310"]
[WhiteTeam "ARG"]
[BlackTeam "UKR"]
[WhiteClock "0:01:25"]
[BlackClock "0:01:11"]

1. d4 Nf6 2. Nf3 g6 3. c4 Bg7 4. Nc3 O-O 5. e4 d6 6. Be2 e5 7. O-O Na6 8. d5 Nc5 9. Qc2 a5 10. h3 Nh5 11. Ne1 Nf4 12. Nd3 Nxe2+ 13. Qxe2 b6 14. Be3 f5 15. f3 f4 16. Bf2 g5 17. Kh2 h5 18. Nxc5 bxc5 19. g3 fxg3+ 20. Bxg3 h4 21. Bf2 Qd7 22. Be3 Qxh3+ 23. Kg1 g4 24. fxg4 Bxg4 25. Qg2 Qxe3+ 26. Kh1 Bf3 27. Rxf3 Qxf3 28. Nb5 Rac8 29. Rg1 h3 30. Qxf3 Rxf3 31. Na7 Rb8 32. Nc6 Rxb2 33. Ne7+ Kf7 34. Nf5 Bf8 35. a4 Rff2 36. Rc1 Rh2+ 37. Kg1 Rbg2+ 38. Kf1 Rh1# 0-1

[Event "December 19 Early 2023"]
[Site "https://www.chess.com"]
[Date "2023.12.19"]
[Round "2"]
[White "Musalov, Ruslan"]
[Black "Marinakis, Hristos"]
[Result "0-1"]
[Board "182"]
[TimeControl "180+1"]
[WhiteFideId "4141490"]
[BlackFideId "4294661"]
[WhiteElo "2268"]
[BlackElo "2295"]
[WhiteTeam "RUS"]
[BlackTeam "GRE"]
[WhiteClock "0:02:12"]
[BlackClock "0:01:08"]

1. e4 c5 2. Nf3 d6 3. d4 cxd4 4. Nxd4 Nf6 5. Nc3 a6 6. f4 Qc7 7. Qf3 g6 8. Be3 Bg7 9. h3 O-O 10. O-O-O e5 11. Nb3 b5 12. g4 b4 13. Nd5 Nxd5 14. exd5 a5 15. Kb1 a4 16. Nc1 a3 17. b3 Qc3 18. Nd3 e4 19. Ne5 Qb2# 0-1

[Event "December 19 Early 2023"]
[Site "https://www.chess.com"]
[Date "2023.12.19"]
[Round "2"]
[White "Martin, Lewis"]
[Black "Manukyan, Artyom"]
[Result "1-0"]
[Board "183"]
[TimeControl "180+1"]
[WhiteFideId "410551"]
[BlackFideId "13305786"]
[WhiteElo "2145"]
[BlackElo "2103"]
[WhiteTeam "ENG"]
[BlackTeam "ARM"]
[WhiteClock "0:00:07"]
[BlackClock "0:00:00"]

1. c4 c5 2. g3 g6 3. Bg2 Bg7 4. Nc3 Nf6 5. e4 d6 6. Nge2 O-O 7. d3 e5 8. O-O Nc6 9. a3 Rb8 10. Nd5 Be6 11. Bd2 Nd7 12. b4 f5 13. Rb1 Nd4 14. exf5 Bxf5 15. Bc3 Nf6 16. Ne3 Be6 17. bxc5 dxc5 18. Rxb7 Rxb7 19. Bxb7 Ng4 20. Bxd4 exd4 21. Nxg4 Bxg4 22. f3 Bh3 23. Re1 Bh6 24. f4 Bg4 25. Qd2 Re8 26. Nc1 Re7 27. Bd5+ Kg7 28. Kf2 Kf8 29. Rxe7 Qxe7 30. Qe1 Qd6 31. Nb3 Bg7 32. Qa5 Qe7 33. Qxc5 Qxc5 34. Nxc5 Ke7 35. Ne4 Bd7 36. Ng5 h6 37. Nf3 Ba4 38. Be4 Be8 39. Nh4 g5 40. Nf5+ Kf6 41. fxg5+ hxg5 42. Nxd4 Bf8 43. Nc2 Ke5 44. Ke3 g4 45. d4+ Kd6 46. c5+ Ke6 47. Kf4 Bd7 48. Kxg4 Kf6+ 49. Kf4 Bh6+ 50. Kf3 Bc1 51. Nb4 Bxa3 52. Nd5+ Kf7 53. Kf4 a5 54. Ke5 a4 55. Kd6 Be8 56. Nc7 1-0

[Event "December 19 Early 2023"]
[Site "https://www.chess.com"]
[Date "2023.12.19"]
[Round "2"]
[White "Hamley, Ryan"]
[Black "Kohler, Aran"]
[Result "1-0"]
[Board "184"]
[TimeControl "180+1"]
[WhiteFideId "30959497"]
[BlackFideId "1002856"]
[WhiteElo "2509"]
[BlackElo "2286"]
[WhiteTeam "USA"]
[BlackTeam "NED"]
[WhiteClock "0:00:11"]
[BlackClock "0:00:09"]

1. e4 c6 2. Nc3 d5 3. Nf3 Bg4 4. h3 Bxf3 5. Qxf3 e6 6. g3 Nf6 7. Bg2 d4 8. Ne2 e5 9. O-O c5 10. d3 Nc6 11. Bg5 Be7 12. g4 Nd7 13. Bd2 Bg5 14. Be1 Bh4 15. Ng3 Bxg3 16. Qxg3 O-O 17. Bd2 Qf6 18. f4 exf4 19. Bxf4 Nde5 20. Bd2 Qe6 21. a3 a5 22. Rf5 g6 23. Rf2 f6 24. Raf1 Rf7 25. Qh4 g5 26. Qh6 Raf8 27. Bxg5 Ng6 28. Bd2 Nce5 29. Rf5 a4 30. g5 fxg5 31. Qxg5 Rg7 32. Qh6 Rff7 33. Bg5 Nd7 34. Rxf7 Rxf7 35. Rxf7 Qxf7 36. Qh5 Nde5 37. Bh6 b5 38. Qg5 Qe7 39. Qxe7 Nxe7 40. h4 c4 41. Bf1 N7g6 42. Bg5 Nf3+ 43. Kf2 Nxg5 44. hxg5 Ne5 45. Kg3 c3 46. bxc3 dxc3 47. d4 b4 48. axb4 a3 49. dxe5 1-0

[Event "December 19 Early 2023"]
[Site "https://www.chess.com"]
[Date "2023.12.19"]
[Round "2"]
[White "Limontaite, Simona"]
[Black "Rogov, Matfey"]
[Result "1-0"]
[Board "185"]
[TimeControl "180+1"]
[WhiteFideId "12802506"]
[BlackFideId "44191308"]
[WhiteElo "2092"]
[BlackElo "2057"]
[WhiteTeam "LTU"]
[BlackTeam "RUS"]
[WhiteClock "0:00:09"]
[BlackClock "0:00:02"]

1. d4 e6 2. c4 b6 3. Nc3 Bb7 4. d5 Nf6 5. e4 exd5 6. exd5 Bc5 7. Bd3 O-O 8. Nge2 d6 9. O-O h6 10. b3 Nbd7 11. Bb2 Re8 12. Ng3 Ne5 13. Bc2 Bc8 14. Na4 Bg4 15. Qd2 Nh5 16. Nxc5 bxc5 17. f4 Nxg3 18. hxg3 Nd7 19. Rfe1 f5 20. Re3 Rxe3 21. Qxe3 Nf8 22. Re1 Kf7 23. Qc3 Qf6 24. Qxf6+ gxf6 25. a3 h5 26. Kf2 Nd7 27. Re6 Re8 28. Rxe8 Kxe8 29. b4 cxb4 30. axb4 Nb6 31. Bb3 Ke7 32. Bd4 Kf7 33. Ke3 Ke7 34. Kd2 Kf7 35. c5 Nc8 36. Bc4 Ke7 37. Ba6 dxc5 38. bxc5 Kd7 39. Bxf6 Ne7 40. Bxe7 Kxe7 41. Be2 Kd7 42. Bxg4 hxg4 43. Kc3 Ke7 44. Kb4 Kd7 45. Kb5 c6+ 46. Ka6 cxd5 47. Kb7 d4 48. c6+ Ke7 49. c7 d3 50. c8=Q d2 51. Qc2 1-0

[Event "December 19 Early 2023"]
[Site "https://www.chess.com"]
[Date "2023.12.19"]
[Round "2"]
[White "Tabuenca Mendataurigoitia, Daniel"]
[Black "Pogorelskikh, Sofia"]
[Result "1-0"]
[Board "186"]
[TimeControl "180+1"]
[WhiteFideId "24563617"]
[BlackFideId "44164548"]
[WhiteElo "2130"]
[BlackElo "2031"]
[WhiteTeam "ESP"]
[BlackTeam "SRB"]
[WhiteClock "0:01:04"]
[BlackClock "0:00:00"]

1. d4 Nf6 2. Nc3 g6 3. e4 d6 4. Bg5 Nbd7 5. f4 h6 6. Bh4 Bg7 7. e5 dxe5 8. fxe5 Nh5 9. Nge2 Nb6 10. h3 g5 11. Bf2 Nf4 12. Nxf4 gxf4 13. Qf3 Bf5 14. O-O-O h5 15. Kb1 Bh6 16. Qxb7 Rb8 17. Bb5+ Kf8 18. Qf3 Qc8 19. Bh4 a6 20. Bd3 Bxd3 21. Qxd3 Qb7 22. b3 Qxg2 23. Rhg1 Qc6 24. d5 Qc5 25. e6 Nc4 26. Ne4 Na3+ 27. Kb2 Qb4 28. c3 Nc4+ 29. Ka1 Qa3 30. Qxc4 f3 31. Qxc7 1-0

[Event "December 19 Early 2023"]
[Site "https://www.chess.com"]
[Date "2023.12.19"]
[Round "2"]
[White "Guimaraes, Wagner Peixoto"]
[Black "Dubnevych, Maksym"]
[Result "1-0"]
[Board "187"]
[TimeControl "180+1"]
[WhiteFideId "2100940"]
[BlackFideId "14184001"]
[WhiteElo "2140"]
[BlackElo "2131"]
[WhiteTeam "BRA"]
[BlackTeam "UKR"]
[WhiteClock "0:01:21"]
[BlackClock "0:01:51"]

1. e4 e5 2. Nf3 Nc6 3. Nc3 Nf6 4. Bb5 Bd6 5. d3 h6 6. Bxc6 dxc6 7. h3 O-O 8. Nd2 Be6 9. Qe2 Bb4 10. Nd1 c5 11. c3 Ba5 12. Ne3 c6 13. Ndc4 Bc7 14. g4 b5 15. Nd2 Nh7 16. Nf5 Bxf5 17. gxf5 Qh4 18. Nf3 Qh5 19. Be3 c4 20. dxc4 bxc4 21. O-O-O Bb6 22. Rhg1 f6 23. Rg6 Kh8 24. Rd7 Rg8 25. Nxe5 Bxe3+ 26. fxe3 Qxe2 27. Nf7# 1-0

[Event "December 19 Early 2023"]
[Site "https://www.chess.com"]
[Date "2023.12.19"]
[Round "2"]
[White "Korkmaz, Necmettin"]
[Black "Player, Edmund C"]
[Result "1-0"]
[Board "188"]
[TimeControl "180+1"]
[WhiteFideId "6303285"]
[BlackFideId "406520"]
[WhiteElo "2044"]
[BlackElo "2015"]
[WhiteTeam "TUR"]
[BlackTeam "ENG"]
[WhiteClock "0:00:32"]
[BlackClock "0:00:00"]

1. e4 Nf6 2. e5 Nd5 3. c4 Nb6 4. d4 d6 5. exd6 exd6 6. Nc3 Nc6 7. Nf3 Be7 8. Be2 O-O 9. O-O Bf6 10. Re1 Bg4 11. Be3 d5 12. c5 Nc8 13. h3 Bh5 14. g4 Bg6 15. g5 Be7 16. Qb3 Be4 17. Qxb7 Qd7 18. Qxa8 Nd6 19. Qxf8+ Kxf8 20. cxd6 Bxd6 21. Kg2 Nb4 22. Rac1 Nd3 23. Bxd3 Bxd3 24. Nxd5 Qf5 25. Nc3 Bb4 26. Nd2 Ba6 27. f3 Bc8 28. Rh1 Qd3 29. Kf2 Ba6 30. Rhe1 1-0

[Event "December 19 Early 2023"]
[Site "https://www.chess.com"]
[Date "2023.12.19"]
[Round "2"]
[White "Rodriguez Santiago, Jaime"]
[Black "noblerone"]
[Result "0-1"]
[Board "189"]
[TimeControl "180+1"]
[WhiteFideId "3100898"]
[WhiteElo "2025"]
[BlackElo "2504"]
[WhiteTeam "PUR"]
[WhiteClock "0:00:17"]
[BlackClock "0:00:10"]

1. d4 d5 2. c4 c6 3. Nc3 Nf6 4. e3 a6 5. Nf3 b5 6. b3 Bg4 7. Be2 e6 8. O-O Bd6 9. Qc2 O-O 10. h3 Bh5 11. e4 Bg6 12. Bd3 b4 13. Nxd5 cxd5 14. e5 Bxd3 15. Qxd3 dxc4 16. bxc4 Be7 17. exf6 Bxf6 18. Bb2 Nc6 19. Rfd1 a5 20. Rac1 Qb6 21. Ba1 Rad8 22. Qe4 a4 23. d5 Bxa1 24. Rxa1 exd5 25. cxd5 Nb8 26. Ng5 g6 27. Qh4 h5 28. Rac1 Qf6 29. Qg3 Nd7 30. h4 b3 31. Rc6 Qe5 32. axb3 Qxg3 33. fxg3 axb3 34. Rb1 Rb8 35. Rc3 Nf6 36. d6 Rfd8 37. Rcxb3 Rxb3 38. Rxb3 Rxd6 39. Kf2 Ng4+ 40. Ke2 Rd7 41. Rb8+ Kg7 42. Rb6 Re7+ 43. Kd2 Ne3 44. Rb3 Ng4 45. Rf3 Rd7+ 46. Ke2 Re7+ 47. Kd2 f6 48. Nh3 Ne5 49. Rc3 Ra7 50. Ke1 Ng4 51. Rc2 Ra1+ 52. Kd2 Ra7 53. Ke2 Re7+ 54. Kf1 Nh2+ 55. Kg1 Ng4 56. Kf1 Ra7 57. Nf2 Ne3+ 58. Ke2 Ng4 59. Kd2 Nxf2 60. Ke2 Ng4 61. Kf3 Ne5+ 62. Ke4 Rf7 63. Kd5 Ng4 64. Ke4 Re7+ 65. Kf3 Kh6 66. Rc6 Rf7 67. Ra6 Kg7 68. Rb6 Ne5+ 69. Kf2 Nd3+ 70. Kf3 Nc5 71. Rc6 Nd7 72. Ra6 Ne5+ 73. Kf2 Rb7 74. Ra2 g5 75. hxg5 fxg5 76. Ra5 Kf6 77. Ra6+ Kf5 78. Ra5 Rb2+ 79. Kf1 g4 80. Ra8 Ke4 81. Ra4+ Ke3 82. Ra3+ Nd3 83. Ra1 Rc2 84. Kg1 Rc1+ 85. Rxc1 Nxc1 86. Kh2 Nd3 87. Kh1 Nc5 88. Kh2 Ne4 89. Kh1 Nxg3+ 90. Kh2 Nf5 91. Kh1 h4 92. Kh2 Kf4 93. Kh1 Kg3 94. Kg1 Ne3 95. Kh1 Nxg2 96. Kg1 Nf4 97. Kh1 h3 98. Kg1 Nh5 99. Kh1 Kf2 100. Kh2 Nf6 101. Kh1 Nd5 102. Kh2 g3+ 103. Kh1 g2+ 104. Kh2 g1=Q+ 105. Kxh3 Qg3# 0-1

[Event "December 19 Early 2023"]
[Site "https://www.chess.com"]
[Date "2023.12.19"]
[Round "2"]
[White "Oganisian, Roman"]
[Black "Petrukhina, Olga"]
[Result "0-1"]
[Board "190"]
[TimeControl "180+1"]
[WhiteFideId "4153006"]
[BlackFideId "13703935"]
[WhiteElo "2204"]
[BlackElo "1991"]
[WhiteTeam "RUS"]
[BlackTeam "KAZ"]
[WhiteClock "0:00:04"]
[BlackClock "0:00:06"]

1. e4 e6 2. Nc3 d5 3. Nge2 Nf6 4. e5 Nfd7 5. f4 c5 6. g4 Qh4+ 7. Ng3 h5 8. Nb5 Na6 9. gxh5 Qxf4 10. d4 Qh4 11. c3 cxd4 12. cxd4 Bb4+ 13. Bd2 Be7 14. Qf3 Ndb8 15. Bd3 Nc6 16. Be3 Bd7 17. a3 O-O-O 18. Qxf7 Rdf8 19. Qg6 Nc7 20. Nxc7 Kxc7 21. Ke2 Nxd4+ 22. Bxd4 Qxd4 23. Rac1+ Kb8 24. Rhf1 Bc5 25. Qxg7 Qe3+ 26. Kd1 Qxd3+ 27. Ke1 Qe3+ 28. Kd1 Ba4+ 29. Rc2 Qd3+ 30. Ke1 Qe3+ 31. Kd1 Qd3+ 32. Ke1 Rxf1+ 33. Nxf1 Rf8 34. Qg2 Qxc2 35. Qxc2 Bxc2 36. Ng3 Bh7 37. h6 Bd4 38. Nh5 Bxe5 0-1